 Dungeon Crawl Stone Soup version 0.19.1 (webtiles) character file.

61 Faca the Shield-Bearer (level 4, 0/35 HPs)
             Began as a Formicid Fighter on Dec 4, 2016.
             Succumbed to Crazy Yiuf's poison
             ... on level 2 of the Dungeon.
             The game lasted 00:03:33 (1000 turns).

Faca the Shield-Bearer (Formicid Fighter)           Turns: 1000, Time: 00:03:34

Health: 0/35       AC:  7    Str: 20    XL:     4   Next: 27%
Magic:  4/4        EV:  8    Int:  8    God:
Gold:   101        SH:  0    Dex: 11    Spells: 0 memorised, 3 levels left

rFire  + . .     SeeInvis +     a - +1 war axe
rCold  x . .     Gourm    .     b - +0 scale mail
rNeg   . . .     Faith    .     c - +0 shield
rPois  .         Spirit   .     (helmet unavailable)
rElec  .         Reflect  .     (no cloak)
rCorr  .         Harm     .     (no gloves)
MR     .....                    (no boots)
Stlth  ..........               (no amulet)
                                (no ring)
                                i - ring of fire

@: confused, lethally poisoned (0 -> -6)
A: permanent stasis, dig shafts and tunnels, four strong arms, antennae 3
a: Dig, Shaft Self


You were on level 2 of the Dungeon.
You were hungry.

You visited 1 branch of the dungeon, and saw 2 of its levels.

You collected 101 gold pieces.

Inventory:

Hand Weapons
 a - a +1 war axe (weapon)
Armour
 b - a +0 scale mail (worn)
 c - a +0 shield (worn)
Jewellery
 i - a ring of fire (left hand)
Scrolls
 e - 4 scrolls of remove curse
Potions
 d - a potion of might
 g - a potion of heal wounds
 h - a potion of curing {unknown}
 m - a potion of flight {unknown}
Comestibles
 f - a bread ration
 j - a meat ration
 k - a royal jelly


   Skills:
 + Level 3.5 Fighting
 + Level 3.0 Axes
 + Level 3.7 Armour
 + Level 0.5 Dodging
 + Level 4.3 Shields


You had 3 spell levels left.
You didn't know any spells.

Dungeon Overview and Level Annotations

Branches:
Dungeon (2/15)

Altars:
Cheibriados

Annotations:
D:2 Crazy Yiuf


Innate Abilities, Weirdness & Mutations

You are under a permanent stasis effect.
You can dig through walls and to a lower floor.
Your four strong arms can wield two-handed weapons with a shield.
You have a pair of large antennae on your head. (SInv)


Message History

Crazy Yiuf the Enlightened comes into view.
He is wielding a quarterstaff of chaos.
Crazy Yiuf shouts!
Found a mace.
There is an open door here.
You closely miss Crazy Yiuf.
You are feeling hungry.
Crazy Yiuf hits you but does no damage.
Your scale mail prevents you from hitting Crazy Yiuf.
Crazy Yiuf hits you with a quarterstaff of chaos!
Crazy Yiuf freezes you!
Your scale mail prevents you from hitting Crazy Yiuf.
Crazy Yiuf hits you with a quarterstaff of chaos.
Crazy Yiuf freezes you. Crazy Yiuf hits you but does no damage.
You are poisoned.
You closely miss Crazy Yiuf.
You feel sick.
Crazy Yiuf hits you with a quarterstaff of chaos!
* * * LOW HITPOINT WARNING * * *
You are confused.
You barely miss Crazy Yiuf.
You die...

...##.# #........# ##.##
....†.# #........#######..####
...##†# #........#...........#
...##.####################....#
..........# #....# #
...##.##### #....###
.......##.# #### ♣♣###..#...
...(...##.# #)..#♣♣
♣♣....#.#.## .......##†#
#..g@.♣♣♣♣.......#.##
#####.....#
#...#♣..♣............ #######
#### ♣♣♣.♣....##.####
♣♣♣♣♣####..# # ##.# . #...# ...
#.. ##.#


You could see Crazy Yiuf.

Vanquished Creatures
  3 adders (D:2)
  A worm (D:2)
  A leopard gecko (D:2)
  5 bats
  2 giant cockroaches
  4 goblins
  2 hobgoblins
  3 ball pythons
  A frilled lizard (D:1)
  6 kobolds
  5 rats
33 creatures vanquished.

Vanquished Creatures (others)
  2 octopodes (D:1)
  A gargoyle (D:1)
  3 vine stalkers (D:1)
  A troll (D:1)
  2 formicids (D:1)
  A spriggan (D:1)
  A human (D:1)
  2 mummies (D:1)
  2 orcs (D:1)
  4 tentacles (D:1)
19 creatures vanquished.

Grand Total: 52 creatures vanquished

Notes
Turn   | Place    | Note
-------+----------+-------------------------------------------
     0 | D:1      | Faca the Formicid Fighter began the quest for the Orb.
     0 | D:1      | Reached XP level 1. HP: 18/18 MP: 1/1
     7 | D:1      | Noticed a spriggan
     7 | D:1      | Noticed a gargoyle
     7 | D:1      | Noticed a vine stalker
     7 | D:1      | Noticed a formicid
     7 | D:1      | Noticed a kraken
     7 | D:1      | Noticed a vine stalker
     7 | D:1      | Noticed a vine stalker
     7 | D:1      | Noticed a human
     7 | D:1      | Noticed an octopode
     7 | D:1      | Noticed an octopode
     7 | D:1      | Noticed a troll
     7 | D:1      | Noticed a formicid
     8 | D:1      | Killed a spriggan
    10 | D:1      | Killed a vine stalker
    10 | D:1      | Killed a gargoyle
    11 | D:1      | Killed a vine stalker
    13 | D:1      | Killed an octopode
    13 | D:1      | Killed a formicid
    14 | D:1      | Killed a troll
    14 | D:1      | Killed an octopode
    15 | D:1      | Killed a vine stalker
    16 | D:1      | Killed a human
    17 | D:1      | Killed a formicid
   167 | D:1      | Reached XP level 2. HP: 21/24 MP: 2/2
   513 | D:2      | Reached skill level 4 in Shields
   513 | D:2      | Reached XP level 3. HP: 20/29 MP: 3/3
   850 | D:2      | Reached XP level 4. HP: 35/35 MP: 4/4
   891 | D:2      | Found a snail-covered altar of Cheibriados.
   990 | D:2      | Found a runed door.
   994 | D:2      | Noticed Crazy Yiuf
   999 | D:2      | HP: 1/35 [Crazy Yiuf/quarterstaff of chaos (10)]
  1000 | D:2      | Succumbed to Crazy Yiuf's poison

Skill      XL: |  1  2  3  4 |
---------------+-------------+-----
Shields        | 4 |  4.3
Axes           | 3 |  3.0
Fighting       | |  3.5
Armour         | |  3.7
Dodging        | |  0.5

Action                   |  1- 3 |  4- 6 || total
-------------------------+-------+-------++-------
Melee: War axe           |    80 |    20 ||   100
  Use: Scroll            |     4 |     1 ||     5
Armor: Scale mail        |    43 |     9 ||    52
Dodge: Dodged            |    29 |     5 ||    34
Block: Shield            |    58 |    18 ||    76
